AoeStats
← ollie1001

Arena

510146437Analyzed
1v1 RM · 1d ago on Sep 29, 2026· 44m 6s· 2 players
Game mode
Random Map
Map size
Tiny (2 player)
Population
200
Speed
Normal
Resources
Standard
Victory
Conquest
Starting age
Dark Age
Ending age
Imperial Age
RankedLock teamsTeams togetherTeam positionsShared explorationLock speedFull tech treeHidden civsTurbo modeCheats
Victory
Defeat
🇨🇳 Shu · China
740
+14
🇬🇧 Saracens · United Kingdom
697
-14
ollie1001
4:47 Loom
10:11 Feudal Age
16:25 Castle Age
17:46 Horse Collar
18:27 Heavy Plow
18:21 Double-Bit Axe
23:59 Town Watch
24:53 Wheelbarrow
25:49 Ballistics
26:24 Bow Saw
26:49 Gold Mining
26:53 Stone Mining
28:37 Gold Shaft Mining
29:19 Hand Cart
29:15 Town Patrol
31:44 Bimaristan
35:06 Imperial Age
32:44 Scale Barding Armor
33:33 Bloodlines
33:25 Husbandry
33:43 Forging
34:50 Murder Holes
36:49 Two-Man Saw
36:35 Chain Barding Armor
38:20 Hoardings
39:11 Chemistry
37:56 Arrowslits
39:25 Elite Mameluke
41:33 Conscription
ng879635
11:13 Feudal Age
12:40 Wheelbarrow
11:48 Horse Collar
11:57 Double-Bit Axe
13:28 Gold Mining
14:47 Stone Mining
22:09 Castle Age
23:32 Hand Cart
24:44 Heavy Plow
24:57 Bow Saw
25:29 Gold Shaft Mining
31:57 Imperial Age
29:11 Treadmill Crane
31:42 Scale Barding Armor
31:48 Forging
31:29 Fletching
31:39 Scale Mail Armor
31:40 Padded Archer Armor
34:06 Two-Man Saw
33:53 Chain Barding Armor
33:02 Crossbowman
33:47 Thumb Ring
34:44 Conscription
34:25 Bolt Magazine
34:49 Town Watch
34:50 Loom
35:24 Chain Mail Armor
35:24 Leather Archer Armor
35:34 Ballistics
36:04 Elite White Feather Guard
37:14 Light Cavalry
40:52 Husbandry
40:31 Arbalester
41:58 Elite Skirmisher
42:05 Heavy Hei Guang Cavalry
44:41 Plate Mail Armor
44:42 Ring Archer Armor
44:08 Bodkin Arrow
44:49 Plate Barding Armor
Connection lost

Rejoining the realm…

Still unreachable

The connection could not be restored.

Session expired

The server has moved on; the page needs a fresh start.